 Dungeon Crawl Stone Soup version 0.24-a0-246-gb963c9a (webtiles) character file.

Game seed: 1956670512947838606

204890 Gorice the Slinger (level 18, -5/141 HPs)
             Began as a Gnoll Wanderer on Apr 10, 2019.
             Was the Champion of the Shining One.
             Killed from afar by a frost giant (19 damage)
             ... with a bolt of cold
             ... on level 4 of the Shoals on Apr 12, 2019.
             The game lasted 03:45:05 (43411 turns).

Gorice the Slinger (Gnoll Wanderer)                Turns: 43411, Time: 03:45:06

Health: -5/141     AC: 26    Str: 21    XL:     18   Next: 66%
Magic:  0/34       EV: 16    Int: 17    God:    the Shining One [******]
Gold:   978        SH: 21    Dex: 14    Spells: 26/41 levels left

rFire    . . .     SeeInvis .   a - +4 double sword "Xoigick" {flame, rN+ MR+}
rCold    . . .     Gourm    .   g - +0 shield
rNeg     + + +     Faith    .   T - +8 chain mail of the Vacuum {MR+ rCorr}
rPois    .         Spirit   +   b - +2 hat
rElec    .         Reflect  +   Q - scarf {Spirit}
rCorr    +         Harm     .   P - +1 pair of gloves
MR       +++..                  c - +0 pair of boots {Fly}
Stlth    +.........             U - brooch of Shielding {Reflect SH+8}
HPRegen  0.33/turn              S - +5 ring of slaying
MPRegen  0.24/turn              e - +2 ring of evasion

@: flying, glowing, studying Slings
A: distributed training, fangs 1, strong nose
}: 1/15 runes: gossamer
a: Divine Shield, Cleansing Flame, Summon Divine Warrior, Brand Weapon With Holy
Wrath, Renounce Religion, Stop Flying


You were on level 4 of the Shoals.
You worshipped the Shining One.
The Shining One was exalted by your worship.
You were not hungry.

You visited 6 branches of the dungeon, and saw 32 of its levels.
You visited 1 bazaar.
You also visited: Ossuary, Gauntlet and Ice Cave.

You collected 3592 gold pieces.
You spent 2614 gold pieces at shops.

Inventory:

Hand Weapons
 a - the +4 double sword "Xoigick" (weapon) {flame, rN+ MR+}
   (You acquired it on level 4 of the Lair of Beasts)

   It has been specially enchanted to burn those struck by it, causing extra
   injury to most foes and up to half again as much damage against particularly
   susceptible opponents.
   Big, fiery blades are also staple armaments of hydra-hunters.
   It protects you from negative energy.
   It affects your resistance to hostile enchantments.
 B - a +0 blowgun
 V - a +3 broad axe of freezing
   (You found it in a bazaar)
Missiles
 l - 59 tomahawks
 v - 45 javelins
 y - 11 curare-tipped needles
 O - 11 steel javelins (quivered)
 X - 7 tomahawks of returning
 Z - 17 throwing nets {!f}
Armour
 b - a +2 hat (worn)
 c - a +0 pair of boots of flying (worn)
   (You bought it in a shop on level 2 of the Orcish Mines)
 g - a +0 shield (worn)
 w - a +3 chain mail of cold resistance
   (You took it off an orc warlord on level 9 of the Dungeon)
 P - a +1 pair of gloves (worn)
 Q - a scarf of spirit shield (worn)
   (You found it on level 13 of the Dungeon)
 T - the +8 chain mail of the Vacuum (worn) {MR+ rCorr}
   (You found it in a bazaar)

   It affects your resistance to hostile enchantments.
   It provides partial protection from all sources of acid and corrosion.
 W - a +2 cloak of invisibility
   (You bought it in a shop in a bazaar)
Jewellery
 e - a +2 ring of evasion (right hand)
 p - an uncursed ring of poison resistance
 C - an uncursed ring of resist corrosion
 F - an uncursed ring of fire
 R - an uncursed amulet of magic regeneration
 S - a +5 ring of slaying (left hand)
 U - the brooch of Shielding (around neck) {Reflect SH+8}
   (You found it in a Gauntlet)

   [amulet of reflection]

   It shields you and reflects attacks.
   It affects your SH (+8).
Wands
 j - a wand of digging (10)
 o - a wand of disintegration (21)
 A - a wand of paralysis (14)
 K - a wand of acid (21)
 M - a wand of flame (82)
Scrolls
 f - 2 scrolls of fog
 h - 3 scrolls of fear {!r}
 i - 3 scrolls of summoning {!r}
 n - 10 scrolls of remove curse
 z - a scroll of enchant weapon
 G - 12 scrolls of teleportation {!r}
 I - 3 scrolls of blinking
 L - a scroll of amnesia
 Y - a scroll of acquirement {!r}
Potions
 k - 6 potions of haste {!q}
 q - a potion of lignification {!q}
 r - 4 potions of might {!q}
 s - 3 potions of berserk rage
 u - 3 potions of heal wounds {!q}
 D - 16 potions of curing
 E - 2 potions of ambrosia
 H - a potion of resistance {!q}
 N - 3 potions of agility {!q}
Books
 t - a manual of Slings {!d}
Miscellaneous
 m - a phial of floods
 J - a lamp of fire
Comestibles
 d - 48 rations
 x - 9 chunks of flesh


   Skills:
 + Level 12.4 Fighting
 + Level 12.1 Short Blades
 + Level 12.1 Long Blades
 + Level 12.1 Axes
 + Level 13.5 Maces & Flails
 + Level 12.1 Polearms
 + Level 12.1 Staves
 + Level 14.3 Slings
 + Level 12.1 Bows
 + Level 12.1 Crossbows
 + Level 12.1 Throwing
 + Level 12.4 Armour
 + Level 12.1 Dodging
 + Level 12.1 Stealth
 + Level 12.4 Shields
 + Level 12.1 Unarmed Combat
 + Level 12.4 Spellcasting
 + Level 10.6 Conjurations
 + Level 10.4 Hexes
 + Level 10.4 Charms
 + Level 10.4 Summonings
 + Level 10.4 Necromancy
 + Level 10.4 Translocations
 + Level 10.4 Transmutations
 + Level 10.4 Fire Magic
 + Level 10.4 Ice Magic
 + Level 10.6 Air Magic
 + Level 10.4 Earth Magic
 + Level 10.4 Poison Magic
 + Level 13.1 Invocations
 + Level 12.4 Evocations


You had 26 spell levels left.
You knew the following spells:

 Your Spells              Type           Power        Failure   Level  Hunger
c - Confuse               Hex            #####...     2%          3    None
l - Lesser Beckoning      Tloc           #####.....   2%          3    None
p - Portal Projectile     Hex/Tloc       #####.       2%          3    None
w - Spectral Weapon       Hex/Chrm       #####...     2%          3    None
A - Apportation           Tloc           #####.       1%          1    None
J - Blink                 Tloc           N/A          1%          2    None

Your spell library contained the following spells:

 Spells                   Type           Power        Failure   Level  Hunger
 Animate Skeleton         Necr           N/A          1%          1    None
 Confusing Touch          Hex            #####.       1%          1    None
 Corona                   Hex            #####..      1%          1    None
 Infusion                 Chrm           ####         1%          1    None
 Magic Dart               Conj           ####         1%          1    None
 Pain                     Necr           ####         1%          1    None
 Summon Small Mammal      Summ           ####         1%          1    None
 Ensorcelled Hibernation  Hex/Ice        #####.       1%          2    None
 Poisonous Vapours        Pois/Air       #####.       1%          2    None
 Shroud of Golubria       Chrm/Tloc      #####.....   1%          2    None
 Slow                     Hex            #####...     1%          2    None
 Song of Slaying          Chrm           #####...     1%          2    None
 Conjure Flame            Conj/Fire      #####...     2%          3    None
 Dazzling Spray           Conj/Hex       #####.       2%          3    None
 Gell's Gravitas          Tloc           #####.....   2%          3    None
 Ignite Poison            Fire/Tmut/Pois #####...     2%          3    None
 Inner Flame              Hex/Fire       #####...     2%          3    None
 Mephitic Cloud           Conj/Pois/Air  #####...     2%          3    None
 Regeneration             Chrm/Necr      #####.....   2%          3    None
 Stone Arrow              Conj/Erth      #####.       2%          3    None
 Teleport Other           Tloc           #####...     2%          3    None
 Tukima's Dance           Hex            #####...     2%          3    None
 Vampiric Draining        Necr           #####.....   2%          3    None
 Animate Dead             Necr           N/A          8%          4    ##.....
 Cause Fear               Hex            #####.....   8%          4    ##.....
 Leda's Liquefaction      Hex/Erth       #####.....   8%          4    ##.....
 Passage of Golubria      Tloc           N/A          8%          4    ##.....
 Petrify                  Tmut/Erth      #####...     8%          4    ##.....
 Alistair's Intoxication  Tmut/Pois      #####...     21%         5    ####...
 Irradiate                Conj/Tmut      #####.....   21%         5    ####...
 Metabolic Englaciation   Hex/Ice        #####.....   21%         5    ####...
 Yara's Violent Unravell  Hex/Tmut       #####.....   21%         5    ####...
 Freezing Cloud           Conj/Ice/Air   #####.....   73%         6    ######.
 Hydra Form               Tmut           #####.....   75%         6    ######.
 Statue Form              Tmut/Erth      #####....    75%         6    ######.
 Dragon Form              Tmut           #####.....   99%         7    #######
 Ring of Flames           Chrm/Fire      #####.....   99%         7    #######


Dungeon Overview and Level Annotations

Branches:
Dungeon (15/15)            Temple (1/1) D:4            Lair (6/6) D:8
 Shoals (4/4) Lair:4       Spider (4/4) Lair:3        Slime (0/5) Lair:5
    Orc (2/2) D:9             Elf (0/3) Orc:2        Vaults (0/5) D:13
 Depths (0/5) D:15

Altars:
Ashenzari
Cheibriados
Dithmenos
Elyvilon
Fedhas
Gozag
Hepliaklqana
Kikubaaqudgha
Makhleb
Nemelex Xobeh
Okawaru
Qazlal
Ru
Sif Muna
Trog
Uskayaw
Vehumet
Wu Jian
Xom
Yredelemnul
Zin
The Shining One
Beogh
Jiyva

Shops:
D:8 (   D:10 *   D:12 :   Orc:1 [   Orc:2 [(*   Shoals:3 :   Shoals:4 !:!

Annotations:
D:15 pUX: shafted


Innate Abilities, Weirdness & Mutations

Your experience applies equally to all skills.
You have very sharp teeth.
Your uncanny sense of smell can sniff out nearby items.


Message History

* * * LOW HITPOINT WARNING * * *
Damage: 4 (max 21) Unknown command.
The merfolk impaler hits you but does no damage.
You block the merfolk impaler's attack.
The frost giant points at you and mumbles some strange words.
The bolt of cold hits the plant!!
The bolt of cold hits your spectral weapon!!
Your spectral weapon resists.
Your spectral weapon shares its damage with you!
Your spectral weapon fades away.
* * * LOW HITPOINT WARNING * * *
Damage: 8 (max 21)
The plant is engulfed in freezing vapours.
Evoke which item? (* to show all) (? for menu, Esc to quit)
Aiming: Paralyse
Press: ? - help, Shift-Dir - straight line, f/p - merfolk impaler
Aim: a merfolk impaler, wielding a +6 demon trident of freezing and wearing a +0 robe (freezing vapour, haloed, chance to defeat MR: 60%)
Okay, then.
The plant is engulfed in freezing vapours.
The merfolk impaler is engulfed in freezing vapours.
The frost giant is engulfed in freezing vapours.
Evoke which item? (* to show all) (? for menu, Esc to quit)
Aiming: Paralyse
Press: ? - help, Shift-Dir - straight line, f/p - merfolk impaler
Aim: a merfolk impaler, wielding a +6 demon trident of freezing and wearing a +0 robe (lightly wounded, haloed, chance to defeat MR: 60%)
The merfolk impaler suddenly stops moving!
The frost giant points at you and mumbles some strange words.
The bolt of cold hits the plant!!!
The bolt of cold hits you!
* * * LOW HITPOINT WARNING * * *
Damage: 6 (max 21) Unknown command.
As you read the scroll of fog, it crumbles to dust.
The scroll dissolves into smoke.
The centaur shoots an arrow.
You reflect the arrow off an invisible shield around you!
The arrow hits the centaur!
The centaur dies!
Unknown command.
You see here a manticore corpse.
The frost giant enters a dispersal trap!
You blink.
The frost giant blinks!
The frost giant points at you and mumbles some strange words.
The bolt of cold hits you!!
* * * LOW HITPOINT WARNING * * *
You see here a manticore skeleton.
Damage: 20 (max 20)
The frost giant gestures at you while chanting.
The bolt of cold hits you!!
You die...

........≈≈### #.....≈
.........≈≈≈## ##.......
...........≈≈#####≈.......
................).........
......§.§.................
..........................
.....§§.§.§..C............
.....§§§.......÷..........
.....P§§..^.....@.........
.P..P§§§......†...........
.P..P§.####.#.............
...CPm≈#######)...........
.(≈≈≈###.###..##..........
≈≈≈P≈##...≈...##..........
≈≈≈≈≈###.#.#..##..........
≈≈≈≈≈##≈≈...≈###....<.....
≈PPP≈≈##.#.#.##≈(.........


You could see a frost giant.

Vanquished Creatures
  Rupert (D:13)
  A kraken (Shoals:2)
  Gastronok (D:8)
  Kirke (D:12)
  Donald (Spider:2)
  Roxanne (D:15)
  7 ghost moths
  4 emperor scorpions
  2 orc warlords
  Nessos (Orc:2)
  3 dire elephants (Lair:6)
  A minotaur (Gauntlet)
  A spark wasp (Spider:4)
  Josephine (D:13)
  A merfolk javelineer (Shoals:4)
  An ettin (Orc:1)
  4 fire dragons
  6 merfolk impalers
  Erolcha (Orc:2)
  Harold (D:7)
  An alligator snapping turtle (Shoals:4)
  3 hydras
  Erica (D:8)
  2 merfolk avatars (Shoals:2)
  A catoblepas (Gauntlet)
  A centaur warrior (D:13)
  An anaconda (Lair:6)
  3 merfolk aquamancers
  5 two-headed ogres
  2 orc high priests (Orc:2)
  3 tengu warriors
  Urug (D:13)
  5 skeletal warriors (D:7)
  2 unseen horrors
  5 sea snakes
  16 harpies
  2 orc knights (Orc:2)
  A lindwurm (Lair:6)
  21 wolf spiders
  A necromancer (IceCv)
  21 orb spiders
  12 fauns
  4 orc sorcerers
  13 ugly things
  2 deep elf magi
  5 cyclopes
  9 manticores
  2 ice statues (IceCv)
  4 merfolk sirens
  3 black mambas
  6 elephants (Lair:6)
  4 water nymphs
  An apocalypse crab (Gauntlet)
  4 torpor snails
  3 gargoyles
  15 spiny frogs
  11 komodo dragons
  2 rime drakes
  12 demonic crawlers
  8 ice devils (IceCv)
  2 tengu conjurers
  30 merfolk
  11 trolls
  9 meliai
  5 hornets
  2 queen bees
  32 jumping spiders
  5 wind drakes
  19 blink frogs
  4 slime creatures (D:12)
  A wind drake (shapeshifter) (D:14)
  14 hippogriffs
  10 dream sheep
  6 snapping turtles
  5 flying skulls (Gauntlet)
  2 shadows
  16 humans (D:13)
  62 redbacks
  24 tarantellas
  3 water elementals (Shoals:3)
  8 wraiths
  2 wyverns
  28 yaks
  2 basilisks
  A steam dragon (D:14)
  2 hungry ghosts
  A hog (D:12)
  Menkaure (D:7)
  2 soldier ants (D:13)
  13 water moccasins
  3 acid dragons
  3 wargs (Orc:2)
  7 porcupines
  31 orc warriors
  13 ice beasts
  4 sky beasts
  A swamp drake (D:8)
  A necrophage (D:11)
  3 black bears
  5 phantoms
  4 wolves
  10 ogres
  4 centaurs
  20 crocodiles
  3 big kobolds
  3 elf zombies (Ossuary)
  13 bullfrogs
  4 earth elementals (Spider:2)
  A water moccasin zombie (D:8)
  3 scorpions
  A wyvern skeleton (D:7)
  38 killer bees
  6 wights
  2 electric eels
  4 howler monkeys
  5 crimson imps
  3 draconian simulacra (IceCv)
  A bullfrog zombie (D:5)
  20 orc priests
  2 bullfrog skeletons
  11 hounds
  10 jellies
  23 orc wizards
  6 centaur skeletons
  A human zombie (Ossuary)
  Jessica (D:2)
  Terence (D:3)
  2 troll simulacra (IceCv)
  12 hell rats (Lair:2)
  10 worker ants
  2 spriggan simulacra (IceCv)
  2 killer bee zombies
  3 big kobold zombies (Ossuary)
  A centaur simulacrum (IceCv)
  A hound zombie (D:5)
  2 hound skeletons (D:10)
  4 mummies (Ossuary)
  7 gnolls
  3 howler monkey skeletons
  13 adders
  2 naga simulacra (IceCv)
  10 river rats (Lair:2)
  4 shadow imps
  2 oozes
  2 adder skeletons
  5 worms
  3 dart slugs
  12 leopard geckos
  89 orcs
  A ball python (D:2)
  4 giant cockroaches
  2 gnoll zombies (Ossuary)
  6 goblins
  10 hobgoblins
  5 jackals
  7 quokkas
  6 bats
  4 frilled lizards (D:2)
  A hobgoblin zombie (Ossuary)
  A jackal zombie (Ossuary)
  24 kobolds
  A kobold zombie (Ossuary)
  A leopard gecko skeleton (D:5)
  3 quokka zombies
  14 rats
  A bush (Shoals:2)
  6 plants
  5 tentacles (Shoals:2)
1144 creatures vanquished.

Vanquished Creatures (collateral kills)
  Arachne (Spider:4)
  A ghost moth (Spider:4)
  An entropy weaver (Spider:4)
  2 orb spiders (Spider:4)
  A wolf spider (Spider:4)
  5 jumping spiders (Spider:4)
  A dream sheep (Shoals:3)
12 creatures vanquished.

Vanquished Creatures (others)
  2 merfolk javelineers (Shoals:3)
  A centaur warrior (D:15)
  A cyclops (Shoals:3)
  A jumping spider (Spider:2)
  2 humans (D:12)
  2 centaurs
  A bullfrog zombie (D:12)
  3 orcs
  2 kobolds (D:9)
  8 fungi
  10 plants
  5 spectral weapons (Shoals:4)
  18 tentacles (Shoals:2)
  3 withered plants (Gauntlet)
59 creatures vanquished.

Grand Total: 1215 creatures vanquished

Notes
Turn   | Place    | Note
-------+----------+-------------------------------------------
     0 | D:1      | Gorice the Gnoll Wanderer began the quest for the Orb.
     0 | D:1      | Gorice set off with the following items: a +0 mace, a +2
                  | scale mail, a ration; and the following spell memorised:
                  | Magic Dart; and the following spells available to memorise:
                  | Stone Arrow
     0 | D:1      | Reached XP level 1. HP: 17/17 MP: 4/4
   144 | D:1      | Reached skill level 2 in Conjurations
   144 | D:1      | Reached skill level 2 in Air Magic
   189 | D:1      | Reached XP level 2. HP: 19/23 MP: 5/5
   759 | D:1      | Reached XP level 3. HP: 28/28 MP: 7/7
   867 | D:2      | Found a deep blue altar of Sif Muna.
   976 | D:2      | Noticed Jessica
   980 | D:2      | Killed Jessica
   980 | D:2      | Reached skill level 1 in Short Blades
   980 | D:2      | Reached skill level 1 in Long Blades
   980 | D:2      | Reached skill level 1 in Axes
   980 | D:2      | Reached skill level 1 in Polearms
   980 | D:2      | Reached skill level 1 in Staves
   980 | D:2      | Reached skill level 1 in Slings
   980 | D:2      | Reached skill level 1 in Bows
   980 | D:2      | Reached skill level 1 in Crossbows
   980 | D:2      | Reached skill level 1 in Throwing
   980 | D:2      | Reached skill level 1 in Dodging
   980 | D:2      | Reached skill level 1 in Stealth
   980 | D:2      | Reached skill level 1 in Unarmed Combat
   980 | D:2      | Reached skill level 1 in Invocations
  1013 | D:2      | Reached XP level 4. HP: 34/34 MP: 8/8
  1196 | D:2      | HP: 9/34 [gnoll/+0 spear (2)]
  1197 | D:2      | Reached skill level 3 in Spellcasting
  1200 | D:2      | Reached skill level 1 in Hexes
  1200 | D:2      | Reached skill level 1 in Charms
  1200 | D:2      | Reached skill level 1 in Summonings
  1200 | D:2      | Reached skill level 1 in Necromancy
  1200 | D:2      | Reached skill level 1 in Translocations
  1200 | D:2      | Reached skill level 1 in Transmutations
  1200 | D:2      | Reached skill level 1 in Fire Magic
  1200 | D:2      | Reached skill level 1 in Ice Magic
  1200 | D:2      | Reached skill level 1 in Earth Magic
  1200 | D:2      | Reached skill level 1 in Poison Magic
  1529 | D:2      | Reached XP level 5. HP: 34/40 MP: 9/9
  2015 | D:3      | Noticed Terence
  2045 | D:3      | Killed Terence
  2045 | D:3      | Reached skill level 3 in Fighting
  2045 | D:3      | Reached skill level 3 in Armour
  2045 | D:3      | Reached skill level 3 in Shields
  2045 | D:3      | Reached skill level 3 in Evocations
  2848 | D:4      | Reached skill level 2 in Invocations
  2848 | D:4      | Reached XP level 6. HP: 47/47 MP: 9/11
  2928 | D:4      | Found an iron altar of Okawaru.
  3054 | D:4      | Found a burning altar of Makhleb.
  3171 | D:4      | Found a staircase to the Ecumenical Temple.
  3198 | Temple   | Entered the Ecumenical Temple
  3363 | Temple   | Became a worshipper of the Shining One
  3675 | D:4      | Reached skill level 2 in Short Blades
  3675 | D:4      | Reached skill level 2 in Long Blades
  3675 | D:4      | Reached skill level 2 in Axes
  3675 | D:4      | Reached skill level 2 in Polearms
  3675 | D:4      | Reached skill level 2 in Staves
  3675 | D:4      | Reached skill level 2 in Slings
  3675 | D:4      | Reached skill level 2 in Bows
  3675 | D:4      | Reached skill level 2 in Crossbows
  3675 | D:4      | Reached skill level 2 in Throwing
  3675 | D:4      | Reached skill level 2 in Dodging
  3675 | D:4      | Reached skill level 2 in Stealth
  3675 | D:4      | Reached skill level 2 in Unarmed Combat
  4005 | D:5      | Entered Level 5 of the Dungeon
  4122 | D:5      | Found a sparkling altar of Nemelex Xobeh.
  4178 | D:5      | Reached XP level 7. HP: 52/52 MP: 12/12
  4325 | D:5      | Reached skill level 7 in Maces & Flails
  4686 | D:6      | Reached * piety under the Shining One
  4688 | D:6      | Reached skill level 3 in Conjurations
  4688 | D:6      | Reached skill level 2 in Hexes
  4688 | D:6      | Reached skill level 2 in Charms
  4688 | D:6      | Reached skill level 2 in Summonings
  4688 | D:6      | Reached skill level 2 in Necromancy
  4688 | D:6      | Reached skill level 2 in Translocations
  4688 | D:6      | Reached skill level 2 in Transmutations
  4688 | D:6      | Reached skill level 2 in Fire Magic
  4688 | D:6      | Reached skill level 2 in Ice Magic
  4688 | D:6      | Reached skill level 3 in Air Magic
  4688 | D:6      | Reached skill level 2 in Earth Magic
  4688 | D:6      | Reached skill level 2 in Poison Magic
  4716 | D:6      | Got a coiled amber ring
  4725 | D:6      | Identified the ring of Tension {Ice rN+ Int+4} (You found
                  | it on level 6 of the Dungeon)
  4747 | D:6      | Reached skill level 3 in Invocations
  4759 | D:6      | Reached skill level 4 in Spellcasting
  4759 | D:6      | Reached XP level 8. HP: 20/60 MP: 12/14
  5082 | D:6      | Reached skill level 4 in Fighting
  5082 | D:6      | Reached skill level 4 in Armour
  5082 | D:6      | Reached skill level 4 in Shields
  5082 | D:6      | Reached skill level 4 in Evocations
  5084 | D:6      | Reached skill level 3 in Short Blades
  5084 | D:6      | Reached skill level 3 in Long Blades
  5084 | D:6      | Reached skill level 3 in Axes
  5084 | D:6      | Reached skill level 3 in Polearms
  5084 | D:6      | Reached skill level 3 in Staves
  5084 | D:6      | Reached skill level 3 in Slings
  5084 | D:6      | Reached skill level 3 in Bows
  5084 | D:6      | Reached skill level 3 in Crossbows
  5084 | D:6      | Reached skill level 3 in Throwing
  5084 | D:6      | Reached skill level 3 in Dodging
  5084 | D:6      | Reached skill level 3 in Stealth
  5084 | D:6      | Reached skill level 3 in Unarmed Combat
  5244 | D:6      | Found a sand-covered staircase.
  5251 | Ossuary  | Entered an ossuary
  5251 | Ossuary  | Reached ** piety under the Shining One
  5596 | D:6      | Found a hazy altar of Hepliaklqana.
  5771 | D:6      | Reached skill level 4 in Invocations
  5776 | D:6      | Reached skill level 3 in Hexes
  5776 | D:6      | Reached skill level 3 in Charms
  5776 | D:6      | Reached skill level 3 in Summonings
  5776 | D:6      | Reached skill level 3 in Necromancy
  5776 | D:6      | Reached skill level 3 in Translocations
  5776 | D:6      | Reached skill level 3 in Transmutations
  5776 | D:6      | Reached skill level 3 in Fire Magic
  5776 | D:6      | Reached skill level 3 in Ice Magic
  5776 | D:6      | Reached skill level 3 in Earth Magic
  5776 | D:6      | Reached skill level 3 in Poison Magic
  5811 | D:6      | Reached XP level 9. HP: 34/66 MP: 16/16
  6228 | D:7      | Noticed Menkaure
  6236 | D:7      | Killed Menkaure
  6259 | D:7      | Noticed Harold
  6296 | D:7      | Noticed a skeletal warrior
  6298 | D:7      | HP: 17/66 [bullfrog (4)]
  6299 | D:7      | Noticed a skeletal warrior
  6299 | D:7      | Noticed a skeletal warrior
  6626 | D:7      | Reached skill level 4 in Short Blades
  6626 | D:7      | Reached skill level 4 in Long Blades
  6626 | D:7      | Reached skill level 4 in Axes
  6626 | D:7      | Reached skill level 4 in Polearms
  6626 | D:7      | Reached skill level 4 in Staves
  6626 | D:7      | Reached skill level 4 in Slings
  6626 | D:7      | Reached skill level 4 in Bows
  6626 | D:7      | Reached skill level 4 in Crossbows
  6626 | D:7      | Reached skill level 4 in Throwing
  6626 | D:7      | Reached skill level 4 in Dodging
  6626 | D:7      | Reached skill level 4 in Stealth
  6626 | D:7      | Reached skill level 4 in Unarmed Combat
  6626 | D:7      | Reached skill level 4 in Conjurations
  6626 | D:7      | Reached skill level 4 in Air Magic
  6706 | D:7      | Reached skill level 5 in Spellcasting
  6764 | D:7      | HP: 18/67 [orc warrior/+0 dire flail (9)]
  7113 | D:7      | Reached skill level 5 in Fighting
  7113 | D:7      | Reached skill level 5 in Armour
  7113 | D:7      | Reached skill level 5 in Shields
  7113 | D:7      | Reached skill level 5 in Evocations
  7158 | D:7      | Reached *** piety under the Shining One
  7186 | D:7      | Killed Harold
  7186 | D:7      | Reached skill level 8 in Maces & Flails
  7186 | D:7      | Reached skill level 5 in Invocations
  7193 | D:7      | Noticed a skeletal warrior
  7197 | D:7      | Noticed a skeletal warrior
  7202 | D:7      | Killed a skeletal warrior
  7202 | D:7      | Reached skill level 4 in Hexes
  7202 | D:7      | Reached skill level 4 in Charms
  7202 | D:7      | Reached skill level 4 in Summonings
  7202 | D:7      | Reached skill level 4 in Necromancy
  7202 | D:7      | Reached skill level 4 in Translocations
  7202 | D:7      | Reached skill level 4 in Transmutations
  7202 | D:7      | Reached skill level 4 in Fire Magic
  7202 | D:7      | Reached skill level 4 in Ice Magic
  7202 | D:7      | Reached skill level 4 in Earth Magic
  7202 | D:7      | Reached skill level 4 in Poison Magic
  7202 | D:7      | Reached XP level 10. HP: 65/75 MP: 18/18
  7210 | D:7      | HP: 21/75 [skeletal warrior/cursed -2 glaive[a skeletal
                  | warrior] (11)]
  7211 | D:7      | Killed a skeletal warrior
  7211 | D:7      | Reached skill level 5 in Short Blades
  7211 | D:7      | Reached skill level 5 in Long Blades
  7211 | D:7      | Reached skill level 5 in Axes
  7211 | D:7      | Reached skill level 5 in Polearms
  7211 | D:7      | Reached skill level 5 in Staves
  7211 | D:7      | Reached skill level 5 in Slings
  7211 | D:7      | Reached skill level 5 in Bows
  7211 | D:7      | Reached skill level 5 in Crossbows
  7211 | D:7      | Reached skill level 5 in Throwing
  7211 | D:7      | Reached skill level 5 in Dodging
  7211 | D:7      | Reached skill level 5 in Stealth
  7211 | D:7      | Reached skill level 5 in Unarmed Combat
  7229 | D:7      | Killed a skeletal warrior
  7229 | D:7      | Reached skill level 6 in Spellcasting
  7232 | D:7      | HP: 13/76 [skeletal warrior/+0 scimitar[a skeletal warrior]
                  | (15)]
  7234 | D:7      | The Shining One protects you from harm!
  7235 | D:7      | Killed a skeletal warrior
  7235 | D:7      | Reached skill level 6 in Fighting
  7235 | D:7      | Reached skill level 6 in Armour
  7235 | D:7      | Reached skill level 6 in Shields
  7235 | D:7      | Reached skill level 5 in Conjurations
  7235 | D:7      | Reached skill level 5 in Air Magic
  7235 | D:7      | Reached skill level 6 in Evocations
  7245 | D:7      | HP: 11/76 [skeletal warrior/+0 dire flail[a skeletal
                  | warrior] (13)]
  7247 | D:7      | Killed a skeletal warrior
  7247 | D:7      | Reached skill level 6 in Invocations
  7627 | D:7      | Found a deep blue altar of Sif Muna.
  8088 | D:8      | Reached XP level 11. HP: 72/82 MP: 20/20
  8090 | D:8      | Found Wuicziw's Antique Weapon Boutique.
  8204 | D:8      | Noticed Erica
  8224 | D:8      | Killed Erica
  8454 | D:8      | Noticed Gastronok
  8501 | D:8      | Killed Gastronok
  8501 | D:8      | Reached skill level 6 in Short Blades
  8501 | D:8      | Reached skill level 6 in Long Blades
  8501 | D:8      | Reached skill level 6 in Axes
  8501 | D:8      | Reached skill level 9 in Maces & Flails
  8501 | D:8      | Reached skill level 6 in Polearms
  8501 | D:8      | Reached skill level 6 in Staves
  8501 | D:8      | Reached skill level 6 in Slings
  8501 | D:8      | Reached skill level 6 in Bows
  8501 | D:8      | Reached skill level 6 in Crossbows
  8501 | D:8      | Reached skill level 6 in Throwing
  8501 | D:8      | Reached skill level 6 in Dodging
  8501 | D:8      | Reached skill level 6 in Stealth
  8501 | D:8      | Reached skill level 6 in Unarmed Combat
  8501 | D:8      | Reached skill level 5 in Hexes
  8501 | D:8      | Reached skill level 5 in Charms
  8501 | D:8      | Reached skill level 5 in Summonings
  8501 | D:8      | Reached skill level 5 in Necromancy
  8501 | D:8      | Reached skill level 5 in Translocations
  8501 | D:8      | Reached skill level 5 in Transmutations
  8501 | D:8      | Reached skill level 5 in Fire Magic
  8501 | D:8      | Reached skill level 5 in Ice Magic
  8501 | D:8      | Reached skill level 5 in Earth Magic
  8501 | D:8      | Reached skill level 5 in Poison Magic
  9154 | D:8      | Found a staircase to the Lair.
  9437 | Lair:1   | Entered Level 1 of the Lair of Beasts
  9514 | Lair:1   | Reached skill level 7 in Spellcasting
  9594 | Lair:1   | Reached skill level 7 in Invocations
  9850 | Lair:1   | Reached skill level 7 in Fighting
  9850 | Lair:1   | Reached skill level 7 in Armour
  9850 | Lair:1   | Reached skill level 7 in Shields
  9850 | Lair:1   | Reached skill level 7 in Evocations
 10541 | Lair:1   | Noticed a four-headed hydra
 10551 | Lair:1   | Killed a four-headed hydra
 10551 | Lair:1   | Reached skill level 6 in Conjurations
 10551 | Lair:1   | Reached skill level 6 in Air Magic
 10717 | Lair:2   | Reached XP level 12. HP: 84/91 MP: 23/23
 11309 | Lair:2   | HP: 27/91 [poisoned by a spiny frog]
 11314 | Lair:2   | HP: 24/91 [poisoned by a spiny frog]
 11320 | Lair:2   | HP: 23/91 [poisoned by a spiny frog]
 11326 | Lair:2   | HP: 22/91 [poisoned by a spiny frog]
 11334 | Lair:2   | HP: 22/91 [poisoned by a spiny frog]
 11968 | Lair:2   | Reached **** piety under the Shining One
 12186 | Lair:2   | Reached skill level 7 in Short Blades
 12186 | Lair:2   | Reached skill level 7 in Long Blades
 12186 | Lair:2   | Reached skill level 7 in Axes
 12186 | Lair:2   | Reached skill level 7 in Polearms
 12186 | Lair:2   | Reached skill level 7 in Staves
 12186 | Lair:2   | Reached skill level 7 in Slings
 12186 | Lair:2   | Reached skill level 7 in Bows
 12186 | Lair:2   | Reached skill level 7 in Crossbows
 12186 | Lair:2   | Reached skill level 7 in Throwing
 12186 | Lair:2   | Reached skill level 7 in Dodging
 12186 | Lair:2   | Reached skill level 7 in Stealth
 12186 | Lair:2   | Reached skill level 7 in Unarmed Combat
 13086 | Lair:3   | Found a hole to the Spider Nest.
 13121 | Lair:3   | Reached skill level 6 in Hexes
 13121 | Lair:3   | Reached skill level 6 in Charms
 13121 | Lair:3   | Reached skill level 6 in Summonings
 13121 | Lair:3   | Reached skill level 6 in Necromancy
 13121 | Lair:3   | Reached skill level 6 in Translocations
 13121 | Lair:3   | Reached skill level 6 in Transmutations
 13121 | Lair:3   | Reached skill level 6 in Fire Magic
 13121 | Lair:3   | Reached skill level 6 in Ice Magic
 13121 | Lair:3   | Reached skill level 6 in Earth Magic
 13121 | Lair:3   | Reached skill level 6 in Poison Magic
 13168 | Lair:3   | Reached skill level 8 in Invocations
 13386 | Lair:3   | Got a pitted ring mail
 13528 | Lair:3   | Noticed a five-headed hydra
 13556 | Lair:3   | Killed a five-headed hydra
 13556 | Lair:3   | Reached skill level 8 in Spellcasting
 13557 | Lair:3   | HP: 23/92 [rime drake/flash freeze (24)]
 14176 | Lair:4   | Found a staircase to the Shoals.
 14473 | Lair:4   | Noticed a four-headed hydra
 14501 | Lair:4   | Killed a four-headed hydra
 14501 | Lair:4   | Reached skill level 8 in Fighting
 14501 | Lair:4   | Reached skill level 10 in Maces & Flails
 14501 | Lair:4   | Reached skill level 8 in Armour
 14501 | Lair:4   | Reached skill level 8 in Shields
 14501 | Lair:4   | Reached skill level 8 in Evocations
 15482 | Lair:4   | Identified a scroll of acquirement
 15483 | Lair:4   | Got a twisted double sword
 15484 | Lair:4   | Identified the +4 double sword "Xoigick" {flame, rN+ MR+}
                  | (You acquired it on level 4 of the Lair of Beasts)
 15639 | Lair:5   | Reached XP level 13. HP: 93/98 MP: 25/25
 16100 | Lair:5   | Found a runed translucent door.
 16104 | Lair:5   | Found a viscous altar of Jiyva.
 16104 | Lair:5   | Found a staircase to the Slime Pits.
 16219 | Lair:5   | Reached skill level 7 in Conjurations
 16219 | Lair:5   | Reached skill level 7 in Air Magic
 16233 | Lair:5   | HP: 26/99 [queen bee (8)]
 16238 | Lair:5   | HP: 17/99 [poisoned by a killer bee]
 16740 | Lair:5   | Reached skill level 8 in Short Blades
 16740 | Lair:5   | Reached skill level 8 in Long Blades
 16740 | Lair:5   | Reached skill level 8 in Axes
 16740 | Lair:5   | Reached skill level 8 in Polearms
 16740 | Lair:5   | Reached skill level 8 in Staves
 16740 | Lair:5   | Reached skill level 8 in Slings
 16740 | Lair:5   | Reached skill level 8 in Bows
 16740 | Lair:5   | Reached skill level 8 in Crossbows
 16740 | Lair:5   | Reached skill level 8 in Throwing
 16740 | Lair:5   | Reached skill level 8 in Dodging
 16740 | Lair:5   | Reached skill level 8 in Stealth
 16740 | Lair:5   | Reached skill level 8 in Unarmed Combat
 16795 | Lair:6   | Entered Level 6 of the Lair of Beasts
 17541 | Lair:6   | Reached skill level 9 in Invocations
 17891 | Lair:6   | Reached skill level 7 in Hexes
 17891 | Lair:6   | Reached skill level 7 in Charms
 17891 | Lair:6   | Reached skill level 7 in Summonings
 17891 | Lair:6   | Reached skill level 7 in Necromancy
 17891 | Lair:6   | Reached skill level 7 in Translocations
 17891 | Lair:6   | Reached skill level 7 in Transmutations
 17891 | Lair:6   | Reached skill level 7 in Fire Magic
 17891 | Lair:6   | Reached skill level 7 in Ice Magic
 17891 | Lair:6   | Reached skill level 7 in Earth Magic
 17891 | Lair:6   | Reached skill level 7 in Poison Magic
 17968 | Lair:6   | Reached skill level 9 in Spellcasting
 18104 | Lair:6   | Reached skill level 9 in Fighting
 18104 | Lair:6   | Reached skill level 9 in Armour
 18104 | Lair:6   | Reached skill level 9 in Shields
 18104 | Lair:6   | Reached skill level 9 in Evocations
 18523 | Lair:6   | Got a crude buckler
 18529 | Lair:6   | Identified the +0 buckler of Forking Paths {Int+4} (You
                  | acquired it on level 6 of the Lair of Beasts)
 18808 | Lair:6   | Reached XP level 14. HP: 94/108 MP: 27/27
 18819 | Lair:6   | Noticed a dire elephant
 18879 | Lair:6   | HP: 26/108 [dire elephant (26)]
 18881 | Lair:6   | Killed a dire elephant
 19275 | Lair:6   | Noticed a dire elephant
 19275 | Lair:6   | Noticed a dire elephant
 19276 | Lair:6   | Found the cursed necklace of Bloodlust {*Rage +Rage MR++
                  | Int-3 Slay+6 *Curse}
 19307 | Lair:6   | Killed a dire elephant
 19314 | Lair:6   | HP: 30/108 [dire elephant (5)]
 19316 | Lair:6   | Killed a dire elephant
 20410 | D:9      | Found a staircase to the Orcish Mines.
 20615 | D:9      | Found a glowing silver altar of Zin.
 20689 | Orc:1    | Entered Level 1 of the Orcish Mines
 20689 | Orc:1    | Noticed an orc warlord
 20803 | D:9      | Killed an orc warlord
 20856 | D:9      | Learned a level 3 spell: Confuse
 20873 | Orc:1    | Reached skill level 11 in Maces & Flails
 20889 | Orc:1    | Found Etuakam's Armour Boutique.
 20964 | Orc:1    | Reached skill level 9 in Short Blades
 20964 | Orc:1    | Reached skill level 9 in Long Blades
 20964 | Orc:1    | Reached skill level 9 in Axes
 20964 | Orc:1    | Reached skill level 9 in Polearms
 20964 | Orc:1    | Reached skill level 9 in Staves
 20964 | Orc:1    | Reached skill level 9 in Slings
 20964 | Orc:1    | Reached skill level 9 in Bows
 20964 | Orc:1    | Reached skill level 9 in Crossbows
 20964 | Orc:1    | Reached skill level 9 in Throwing
 20964 | Orc:1    | Reached skill level 9 in Dodging
 20964 | Orc:1    | Reached skill level 9 in Stealth
 20964 | Orc:1    | Reached skill level 9 in Unarmed Combat
 21097 | Orc:1    | Bought a +0 cloak for 67 gold pieces
 21105 | Orc:2    | Entered Level 2 of the Orcish Mines
 21193 | Orc:2    | Found a staircase to the Elven Halls.
 21201 | Orc:2    | Noticed Erolcha
 21201 | Orc:2    | Noticed Nessos
 21215 | Orc:2    | Killed Erolcha
 21221 | Orc:2    | Killed Nessos
 21262 | Orc:2    | Found a gate leading to a gauntlet.
 21272 | Gauntlet | Entered a Gauntlet
 21272 | Gauntlet | Found a transporter.
 21272 | Gauntlet | Found a transporter.
 21272 | Gauntlet | Found a transporter.
 21286 | Gauntlet | Found a transporter.
 21288 | Gauntlet | Found a transporter.
 21295 | Gauntlet | Found a transporter.
 21297 | Gauntlet | Found a transporter.
 21308 | Gauntlet | Found a transporter.
 21324 | Gauntlet | Found a transporter.
 21330 | Gauntlet | Found a transporter.
 21333 | Gauntlet | Found a transporter.
 21343 | Gauntlet | Found a transporter.
 21611 | Gauntlet | Reached skill level 8 in Conjurations
 21611 | Gauntlet | Reached skill level 8 in Air Magic
 21611 | Gauntlet | Reached skill level 10 in Invocations
 21625 | Gauntlet | Found the brooch of Shielding {Reflect SH+8}
 21626 | Gauntlet | Got an ancient falchion
 21648 | Gauntlet | Identified the +10 falchion of Luroro {freeze, rF+ rN+}
                  | (You found it in a Gauntlet)
 21931 | D:8      | Bought a smoking great mace for 264 gold pieces
 21932 | D:8      | Identified the cursed +1 great mace "Tohim" {drain, *Drain
                  | +Blink +Inv Str+2} (You bought it in a shop on level 8 of
                  | the Dungeon)
 22202 | Orc:2    | Reached ***** piety under the Shining One
 22431 | Orc:2    | Noticed an orc warlord
 22470 | Orc:2    | Killed an orc warlord
 22640 | Orc:2    | Found Ackur's Antique Weapon Shoppe.
 22641 | Orc:2    | Found a roughly hewn altar of Beogh.
 22646 | Orc:2    | Found Daphab's Antique Armour Emporium.
 22824 | Orc:2    | Found a roughly hewn altar of Beogh.
 23016 | Orc:2    | Found a roughly hewn altar of Beogh.
 23042 | Orc:2    | Found Mumeh's Food Boutique.
 23093 | Orc:2    | Found a roughly hewn altar of Beogh.
 23161 | Orc:2    | Found a roughly hewn altar of Beogh.
 23432 | Orc:2    | Found a roughly hewn altar of Beogh.
 23457 | Orc:2    | Found Robumoto's General Store.
 23462 | Orc:2    | Bought a scroll of fear for 52 gold pieces
 23516 | Orc:1    | Paralysed by an orc sorcerer for 4 turns
 23694 | Orc:1    | Found a roughly hewn altar of Beogh.
 23930 | Orc:2    | Bought a pair of glowing boots for 202 gold pieces
 23940 | Orc:2    | Identified a +0 pair of boots of running (You bought it in
                  | a shop on level 2 of the Orcish Mines)
 23940 | Orc:2    | Bought a pair of embroidered boots for 202 gold pieces
 24210 | D:10     | Entered Level 10 of the Dungeon
 24226 | D:10     | Found Boesin's General Store.
 25071 | D:11     | Learned a level 3 spell: Portal Projectile
 25166 | D:11     | Found a sparkling altar of Nemelex Xobeh.
 25229 | D:11     | Reached skill level 8 in Hexes
 25229 | D:11     | Reached skill level 8 in Charms
 25229 | D:11     | Reached skill level 8 in Summonings
 25229 | D:11     | Reached skill level 8 in Necromancy
 25229 | D:11     | Reached skill level 8 in Translocations
 25229 | D:11     | Reached skill level 8 in Transmutations
 25229 | D:11     | Reached skill level 8 in Fire Magic
 25229 | D:11     | Reached skill level 8 in Ice Magic
 25229 | D:11     | Reached skill level 8 in Earth Magic
 25229 | D:11     | Reached skill level 8 in Poison Magic
 25244 | D:11     | Reached XP level 15. HP: 108/115 MP: 28/28
 25282 | D:11     | Reached skill level 10 in Slings
 25282 | D:11     | Reached skill level 10 in Spellcasting
 25740 | D:12     | Noticed Kirke
 25755 | D:12     | Killed Kirke
 25755 | D:12     | Reached skill level 10 in Fighting
 25755 | D:12     | Reached skill level 10 in Armour
 25755 | D:12     | Reached skill level 10 in Shields
 25755 | D:12     | Reached skill level 10 in Evocations
 25942 | D:12     | Reached ****** piety under the Shining One
 26185 | D:12     | Found Guxeirph's Book Shop.
 26269 | D:13     | Found a gate to the Vaults.
 26269 | D:13     | Noticed Rupert
 26269 | D:13     | Noticed Urug
 26351 | D:13     | Noticed Josephine
 26358 | D:13     | Paralysed by Rupert for 5 turns
 26362 | D:13     | HP: 34/115 [wolf spider (3)]
 26369 | D:13     | HP: 33/115 [Josephine/+1 dagger of freezing (3)]
 26374 | D:13     | You fall through a shaft for 2 floors!
 26374 | D:15     | Entered Level 15 of the Dungeon
 26379 | D:15     | --that was actually lucky!
 26771 | D:14     | Found a frozen archway.
 26840 | IceCv    | Entered an ice cave
 27299 | IceCv    | Got a dazzling scimitar
 27307 | IceCv    | Identified the +3 scimitar of the Hawk {protect, rN+ Dex+6
                  | Stlth-} (You found it in an ice cave)
 27399 | D:14     | Reached skill level 10 in Short Blades
 27399 | D:14     | Reached skill level 10 in Long Blades
 27399 | D:14     | Reached skill level 10 in Axes
 27399 | D:14     | Reached skill level 10 in Polearms
 27399 | D:14     | Reached skill level 10 in Staves
 27399 | D:14     | Reached skill level 10 in Bows
 27399 | D:14     | Reached skill level 10 in Crossbows
 27399 | D:14     | Reached skill level 10 in Throwing
 27399 | D:14     | Reached skill level 10 in Dodging
 27399 | D:14     | Reached skill level 10 in Stealth
 27399 | D:14     | Reached skill level 10 in Unarmed Combat
 27967 | D:13     | Reached skill level 11 in Slings
 28300 | D:12     | Bought a book of Spatial Translocations for 845 gold pieces
 28303 | D:12     | Learned a level 2 spell: Blink
 28307 | D:12     | Learned a level 3 spell: Lesser Beckoning
 28451 | D:13     | Killed Urug
 28451 | D:13     | Reached skill level 11 in Invocations
 28541 | D:13     | Killed Josephine
 28602 | D:13     | Killed Rupert
 28791 | D:14     | Reached skill level 9 in Conjurations
 28791 | D:14     | Reached skill level 9 in Air Magic
 28822 | D:14     | Reached skill level 12 in Maces & Flails
 28836 | D:14     | Reached XP level 16. HP: 61/124 MP: 25/30
 29169 | D:14     | You fall through a shaft!
 29245 | D:15     | Found a staircase to the Depths.
 29391 | D:15     | Found an opulent altar of Gozag.
 29545 | D:15     | Identified Roxanne's Handbook of Moulding
 29545 | D:15     | Noticed Roxanne
 29563 | D:15     | Killed Roxanne
 30248 | Spider:1 | Entered Level 1 of the Spider Nest
 31190 | Spider:2 | Reached skill level 9 in Hexes
 31190 | Spider:2 | Reached skill level 9 in Charms
 31190 | Spider:2 | Reached skill level 9 in Summonings
 31190 | Spider:2 | Reached skill level 9 in Necromancy
 31190 | Spider:2 | Reached skill level 9 in Translocations
 31190 | Spider:2 | Reached skill level 9 in Transmutations
 31190 | Spider:2 | Reached skill level 9 in Fire Magic
 31190 | Spider:2 | Reached skill level 9 in Ice Magic
 31190 | Spider:2 | Reached skill level 9 in Earth Magic
 31190 | Spider:2 | Reached skill level 9 in Poison Magic
 31302 | Spider:2 | Reached skill level 11 in Spellcasting
 31393 | Spider:2 | Reached skill level 11 in Fighting
 31393 | Spider:2 | Reached skill level 11 in Armour
 31393 | Spider:2 | Reached skill level 11 in Shields
 31393 | Spider:2 | Reached skill level 11 in Evocations
 31407 | Spider:2 | Reached skill level 12 in Slings
 31563 | Spider:1 | HP: 31/125 [wolf spider (13)]
 31568 | Spider:1 | HP: 28/125 [poisoned by a wolf spider]
 31573 | Spider:1 | HP: 24/125 [poisoned by a wolf spider]
 31578 | Spider:1 | HP: 23/125 [poisoned by a wolf spider]
 31585 | Spider:1 | HP: 22/125 [poisoned by a wolf spider]
 31592 | Spider:1 | HP: 22/125 [poisoned by a wolf spider]
 31600 | Spider:1 | HP: 22/125 [poisoned by a wolf spider]
 32007 | Spider:2 | Noticed Donald
 32009 | Spider:2 | HP: 26/125 [meliai/divine providence (12)]
 32462 | Spider:2 | Killed Donald
 33213 | Spider:3 | Reached skill level 11 in Short Blades
 33213 | Spider:3 | Reached skill level 11 in Long Blades
 33213 | Spider:3 | Reached skill level 11 in Axes
 33213 | Spider:3 | Reached skill level 11 in Polearms
 33213 | Spider:3 | Reached skill level 11 in Staves
 33213 | Spider:3 | Reached skill level 11 in Bows
 33213 | Spider:3 | Reached skill level 11 in Crossbows
 33213 | Spider:3 | Reached skill level 11 in Throwing
 33213 | Spider:3 | Reached skill level 11 in Dodging
 33213 | Spider:3 | Reached skill level 11 in Stealth
 33213 | Spider:3 | Reached skill level 11 in Unarmed Combat
 33496 | Spider:3 | Reached XP level 17. HP: 129/131 MP: 30/32
 33856 | Spider:3 | Reached skill level 12 in Invocations
 34628 | Spider:4 | Entered Level 4 of the Spider Nest
 35541 | Spider:4 | Reached skill level 13 in Slings
 35681 | Spider:4 | Upgraded the game from 0.24-a0-244-ga6a6ab7 to
                  | 0.24-a0-246-gb963c9a
 35726 | Spider:4 | Noticed Arachne
 36085 | Spider:4 | Killed Arachne
 36406 | Spider:4 | Reached skill level 10 in Conjurations
 36406 | Spider:4 | Reached skill level 10 in Air Magic
 37379 | Spider:4 | Reached skill level 13 in Maces & Flails
 37387 | Spider:4 | Got a gossamer rune of Zot
 37880 | Lair:1   | Got a pair of twisted gloves
 37881 | Lair:1   | Identified the +0 pair of gloves "Ricuon" {rF+} (You
                  | acquired it on level 1 of the Lair of Beasts)
 37981 | Shoals:1 | Entered Level 1 of the Shoals
 38636 | Shoals:1 | Reached skill level 10 in Hexes
 38636 | Shoals:1 | Reached skill level 10 in Charms
 38636 | Shoals:1 | Reached skill level 10 in Summonings
 38636 | Shoals:1 | Reached skill level 10 in Necromancy
 38636 | Shoals:1 | Reached skill level 10 in Translocations
 38636 | Shoals:1 | Reached skill level 10 in Transmutations
 38636 | Shoals:1 | Reached skill level 10 in Fire Magic
 38636 | Shoals:1 | Reached skill level 10 in Ice Magic
 38636 | Shoals:1 | Reached skill level 10 in Earth Magic
 38636 | Shoals:1 | Reached skill level 10 in Poison Magic
 38676 | Shoals:1 | Reached skill level 12 in Spellcasting
 39193 | Shoals:2 | Reached XP level 18. HP: 138/140 MP: 34/34
 39198 | Shoals:2 | Reached skill level 12 in Fighting
 39198 | Shoals:2 | Reached skill level 12 in Armour
 39198 | Shoals:2 | Reached skill level 12 in Shields
 39198 | Shoals:2 | Reached skill level 12 in Evocations
 41180 | Shoals:3 | HP: 40/140 [dream sheep[a cyclops] (4)]
 41624 | Shoals:3 | HP: 42/140 [merfolk javelineer/javelin (8)]
 41659 | Shoals:3 | HP: 35/140 [merfolk javelineer/javelin (7)]
 42130 | Shoals:3 | Reached skill level 14 in Slings
 42439 | Shoals:3 | Reached skill level 12 in Short Blades
 42439 | Shoals:3 | Reached skill level 12 in Long Blades
 42439 | Shoals:3 | Reached skill level 12 in Axes
 42439 | Shoals:3 | Reached skill level 12 in Polearms
 42439 | Shoals:3 | Reached skill level 12 in Staves
 42439 | Shoals:3 | Reached skill level 12 in Bows
 42439 | Shoals:3 | Reached skill level 12 in Crossbows
 42439 | Shoals:3 | Reached skill level 12 in Throwing
 42439 | Shoals:3 | Reached skill level 12 in Dodging
 42439 | Shoals:3 | Reached skill level 12 in Stealth
 42439 | Shoals:3 | Reached skill level 12 in Unarmed Combat
 42683 | Shoals:3 | Found Ohalaik's Book Boutique.
 42691 | Shoals:3 | Bought a book of Battle for 840 gold pieces
 42697 | Shoals:3 | Learned a level 3 spell: Spectral Weapon
 42749 | Shoals:4 | Entered Level 4 of the Shoals
 42778 | Shoals:4 | Found Qaowul's Distillery.
 42812 | Shoals:4 | Found Ethraenk's Book Boutique.
 42850 | Shoals:4 | Reached skill level 13 in Invocations
 42866 | Shoals:4 | Found Gajaolom's Distillery.
 42877 | Shoals:4 | Found a flickering gateway to a bazaar.
 42883 | Bazaar   | Entered a bazaar
 42883 | Bazaar   | Found Eplenuy's Antique Armour Boutique.
 42883 | Bazaar   | Found Kalu's Weapon Shop.
 42883 | Bazaar   | Found Qabupoor's Antique Weapon Shop.
 42888 | Bazaar   | Got a pitted chain mail
 42901 | Bazaar   | Bought a glowing cloak for 142 gold pieces
 42932 | Bazaar   | Identified the +8 chain mail of the Vacuum {MR+ rCorr} (You
                  | found it in a bazaar)
 43201 | Shoals:4 | Learned a level 1 spell: Apportation
 43376 | Shoals:4 | HP: 41/141 [frost giant/bolt of cold (13)]
 43391 | Shoals:4 | HP: 42/141 [merfolk impaler/+6 demon trident of freezing
                  | (3)]
 43398 | Shoals:4 | HP: 29/141 [frost giant/bolt of cold (6)]
 43410 | Shoals:4 | HP: 13/141 [frost giant/bolt of cold (20)]
 43411 | Shoals:4 | Killed from afar by a frost giant

Levels and vault maps discovered:
D:1:      psy_arrival_fountain, layout_basic, minivault_5, grunt_decor_arrowhead
D:2:      layout_basic, nicolae_overflow_crystal_walls, uniq_jessica
D:3:      layout_basic, uniq_terence
D:4:      layout_basic, marbit_many_paths, nicolae_overflow_hidden_temple,
          minmay_temple_entry_junction, minmay_fractal_squares_5
D:5:      layout_basic, nemelex_xobeh_ov_fountains_minmay, first_ration
D:6:      layout_rooms, lemuel_doored_altar, serial_co_window_serial,
          co_window_paths_a, co_window_paths_a, co_window_of_opportunity_a,
          co_window_of_opportunity_a, co_window_paths_a, co_window_corner_b,
          co_window_2corner, co_window_cross_2, co_window_broadway_c,
          co_window_4corner_b, glass_columns_b, glass_columns_a,
          enter_ossuary_4, kennysheep_generic_room_10
D:7:      layout_loops_ring, basic_altar, uniq_harold, uniq_menkaure
D:8:      layout_loops_corners, erik_lair_dragon, serial_shops, shop_fountains,
          uniq_erica, uniq_gastronok
D:9:      layout_cave_pools, kennysheep_mini, orc_0_dummy, david_nohive_1
D:10:     layout_loops_ring, serial_shops, shop_statue
D:11:     layout_roguey, lemuel_altar_in_water
D:12:     layout_roguey, serial_shops, nicolae_shop_window_shopping, uniq_kirke
D:13:     layout_big_octagon, david_vaults_3, st_stairs_11, uniq_josephine
D:14:     layout_rooms, portal_ice_cave_entry_ice_beasts,
          lemuel_mausoleum_altar_yredelemnul
D:15:     grunt_enter_depths_hoard, layout_cave_pods,
          nicolae_gozag_seed_capital, uniq_roxanne
Temple:   nicolae_temple_elliptical
Lair:1:   layout_concentric_octagons, st_stairs_11
Lair:2:   lemuel_ratsnest, layout_cave_pods, lemuel_fruit_fields,
          lemuel_fruit_fields
Lair:3:   layout_gridlike, nicolae_spider_entry_orb_guardian,
          lemuel_fruit_fields, infiniplex_staircase_pool_2
Lair:4:   layout_cave_pods, shoals_dummy_entry, st_stairs_4,
          serial_bayou_shore_b
Lair:5:   layout_hall_layers, slime_altar_2, special_room [special_room_bee]
Lair:6:   due_jungle_book, layout_concentric_octagons,
          chequers_serial_rivers_marsh
Shoals:1: layout_shoals, nicolae_shoals_seven_spires
Shoals:2: argonaut_golden_fleece, layout_shoals
Shoals:3: layout_shoals, serial_shops, shop, nicolae_shoals_mertower
Shoals:4: shoals_end_grunt_ice, layout_shoals, serial_shops, bzr_entry_safe,
          shop, shop_statue, nicolae_shop_overgrown_old_shop,
          nicolae_shop_trees, nicolae_shoals_cliffside_cave
Spider:1: layout_spider_delve
Spider:2: layout_spider_delve, hangedman_stitches_earthworm, uniq_donald
Spider:3: layout_spider_delve
Spider:4: johnstein_spider_rune_arachne_lair, nicolae_spider_webbed_stairs
Orc:1:    layout_caves, basic_altar, serial_shops, shop_statue
Orc:2:    grunt_orc_community_town_hall, layout_caves,
          grunt_orc_community_big_house_2, grunt_orc_community_big_house_2,
          grunt_orc_community_house_2, grunt_orc_community_house_3,
          grunt_orc_community_house_1, grunt_orc_community_house_1,
          gauntlet_entry_generic, special_room, uniq_nessos, uniq_erolcha
Bazaar:   bazaar_outfitter
Ossuary:  ossuary_minmay_tomb_2a
IceCv:    ice_cave_tombish
Gauntlet: minmay_gauntlet_mixed_big_or_small [gammafunk_gauntlet_arena_mazey,
          minmay_gauntlet_arena_77_block_sizes, gammafunk_gauntlet_arena_teeth,
          minmay_gauntlet_arena_77_tiled_triplets,
          nicolae_gauntlet_arena_quarters,
          minmay_gauntlet_arena_77_chump_sandwich, gauntlet_exit_spiral]

Skill      XL: |  1  2  3  4  5  6  7  8  9 10 11 12 13 14 15 16 17 18 |
---------------+-------------------------------------------------------+-----
Conjurations   | 2 3 4 5 6 7 8 9 10 | 10.6
Air Magic      | 2 3 4 5 6 7 8 9 10 | 10.6
Short Blades   | 1 2 3 4 5 6 7 8 9 10 11 12 | 12.1
Long Blades    | 1 2 3 4 5 6 7 8 9 10 11 12 | 12.1
Axes           | 1 2 3 4 5 6 7 8 9 10 11 12 | 12.1
Polearms       | 1 2 3 4 5 6 7 8 9 10 11 12 | 12.1
Staves         | 1 2 3 4 5 6 7 8 9 10 11 12 | 12.1
Slings         | 1 2 3 4 5 6 7 8 9 11 12 13 14 | 14.3
Bows           | 1 2 3 4 5 6 7 8 9 10 11 12 | 12.1
Crossbows      | 1 2 3 4 5 6 7 8 9 10 11 12 | 12.1
Throwing       | 1 2 3 4 5 6 7 8 9 10 11 12 | 12.1
Dodging        | 1 2 3 4 5 6 7 8 9 10 11 12 | 12.1
Stealth        | 1 2 3 4 5 6 7 8 9 10 11 12 | 12.1
Unarmed Combat | 1 2 3 4 5 6 7 8 9 10 11 12 | 12.1
Invocations    | 1 2 3 4 5 6 7 8 9 10 11 12 13 | 13.1
Spellcasting   | 3 4 5 6 7 8 9 10 11 12 | 12.4
Hexes          | 1 2 3 4 5 6 7 8 9 10 | 10.4
Charms         | 1 2 3 4 5 6 7 8 9 10 | 10.4
Summonings     | 1 2 3 4 5 6 7 8 9 10 | 10.4
Necromancy     | 1 2 3 4 5 6 7 8 9 10 | 10.4
Translocations | 1 2 3 4 5 6 7 8 9 10 | 10.4
Transmutations | 1 2 3 4 5 6 7 8 9 10 | 10.4
Fire Magic     | 1 2 3 4 5 6 7 8 9 10 | 10.4
Ice Magic      | 1 2 3 4 5 6 7 8 9 10 | 10.4
Earth Magic    | 1 2 3 4 5 6 7 8 9 10 | 10.4
Poison Magic   | 1 2 3 4 5 6 7 8 9 10 | 10.4
Fighting       | 3 4 5 6 7 8 9 10 11 12 | 12.4
Armour         | 3 4 5 6 7 8 9 10 11 12 | 12.4
Shields        | 3 4 5 6 7 8 9 10 11 12 | 12.4
Evocations     | 3 4 5 6 7 8 9 10 11 12 | 12.4
Maces & Flails | 7 8 9 10 11 12 13 | 13.5

Action                   |  1- 3 |  4- 6 |  7- 9 | 10-12 | 13-15 | 16-18 || total
-------------------------+-------+-------+-------+-------+-------+-------++-------
Melee: Mace              |    72 |    22 |       |       |       |       ||    94
       Bite              |     7 |    16 |    50 |   101 |   171 |   197 ||   542
       Flail             |       |   198 |   294 |       |       |       ||   492
       Punch             |       |       |     3 |       |     7 |       ||    10
       Dire flail        |       |       |    40 |   701 |       |       ||   741
       Double sword      |       |       |       |    11 |  1247 |  1138 ||  2396
       Unarmed           |       |       |       |       |     1 |       ||     1
Throw: Stone             |     2 |     7 |       |       |       |       ||     9
       Tomahawk          |       |     2 |    21 |    57 |    11 |       ||    91
       Javelin           |       |       |       |     6 |    30 |    30 ||    66
 Cast: Magic Dart        |       |       |     2 |       |       |       ||     2
       Confuse           |       |       |       |       |    13 |   119 ||   132
       Portal Projectile |       |       |       |       |     1 |     1 ||     2
       Spectral Weapon   |       |       |       |       |       |     9 ||     9
Invok: Divine Shield     |       |       |     5 |     6 |     8 |     3 ||    22
       Cleansing Flame   |       |       |       |       |     2 |       ||     2
       Summon Divine War |       |       |       |       |     1 |     4 ||     5
Evoke: Wand              |       |       |     1 |     4 |    12 |     5 ||    22
  Use: Scroll            |     1 |     6 |     7 |     8 |    17 |    14 ||    53
       Potion            |       |     2 |     3 |     2 |       |     2 ||     9
  Eat: Chunk             |       |     7 |    10 |    25 |    33 |    38 ||   113
       Ration            |       |     1 |       |     1 |     3 |     3 ||     8
Armor: Scale mail        |    24 |   107 |   108 |       |       |       ||   239
       Plate armour      |       |       |    10 |   282 |   242 |       ||   534
       Chain mail        |       |       |       |       |   212 |   572 ||   784
Dodge: Dodged            |    34 |   102 |   198 |   261 |   549 |   699 ||  1843
Block: Other             |       |       |    29 |    34 |       |       ||    63
       Buckler           |       |       |       |       |   613 |   928 ||  1541
       Reflection        |       |       |       |       |    14 |    55 ||    69
       Shield            |       |       |       |       |       |   195 ||   195
       Rpst.: Double sword |       |       |       |     2 |   133 |   141 ||   276

Table legend:
 A = Non-vault XP
 B = Vault XP
 C = Vault XP percentage of total XP
 D = Non-vault monster count
 E = Vault monster count
 F = Vault count percentage of total count
                 A         B        C        D         E       F
            +---------+---------+-------+---------+---------+-------
      Total |  197600 |   94627 |  32.4 |     805 |     347 |  30.1
            +---------+---------+-------+---------+---------+-------
        D:1 |      35 |       0 |   0.0 |      17 |       0 |   0.0
        D:2 |     145 |      37 |  20.3 |      33 |       1 |   2.9
        D:3 |      61 |      36 |  37.1 |      13 |       1 |   7.1
        D:4 |     151 |      83 |  35.5 |      10 |       4 |  28.6
        D:5 |     250 |       0 |   0.0 |      14 |       0 |   0.0
        D:6 |    1115 |      42 |   3.6 |      27 |       3 |  10.0
        D:7 |    5073 |    1148 |  18.5 |      31 |       2 |   6.1
        D:8 |    1036 |    4246 |  80.4 |      20 |       7 |  25.9
        D:9 |    3889 |    1131 |  22.5 |      35 |      14 |  28.6
       D:10 |    2044 |       0 |   0.0 |      17 |       0 |   0.0
       D:11 |    3955 |       0 |   0.0 |      26 |       0 |   0.0
       D:12 |    5981 |    2340 |  28.1 |      48 |       2 |   4.0
       D:13 |    6806 |   10135 |  59.8 |      22 |      28 |  56.0
       D:14 |   12345 |    1028 |   7.7 |      36 |       8 |  18.2
       D:15 |    6523 |    3962 |  37.8 |      18 |       3 |  14.3
     Lair:1 |    4110 |     121 |   2.9 |      17 |       1 |   5.6
     Lair:2 |    2433 |     976 |  28.6 |      11 |      38 |  77.6
     Lair:3 |    6270 |     566 |   8.3 |      26 |       1 |   3.7
     Lair:4 |    2285 |      85 |   3.6 |       9 |       1 |  10.0
     Lair:5 |    5153 |    2610 |  33.6 |      21 |      29 |  58.0
     Lair:6 |   16602 |    2838 |  14.6 |      52 |       5 |   8.8
   Shoals:1 |   14074 |       0 |   0.0 |      32 |       0 |   0.0
   Shoals:2 |   13040 |    2136 |  14.1 |      24 |       2 |   7.7
   Shoals:3 |   11033 |    4953 |  31.0 |      29 |       6 |  17.1
   Shoals:4 |   10210 |    8854 |  46.4 |      20 |      17 |  45.9
   Spider:1 |    5480 |       0 |   0.0 |      16 |       0 |   0.0
   Spider:2 |   21130 |    3209 |  13.2 |      56 |      10 |  15.2
   Spider:3 |   16978 |       0 |   0.0 |      49 |       0 |   0.0
   Spider:4 |   13228 |   25982 |  66.3 |      33 |      48 |  59.3
      Orc:1 |    1779 |       0 |   0.0 |      10 |       0 |   0.0
      Orc:2 |    4386 |    8868 |  66.9 |      33 |      70 |  68.0
    Ossuary |       0 |     493 | 100.0 |       0 |      16 | 100.0
      IceCv |       0 |    4577 | 100.0 |       0 |      21 | 100.0
   Gauntlet |       0 |    4171 | 100.0 |       0 |       9 | 100.0
            +---------+---------+-------+---------+---------+-------

Table legend:
 A = Turns spent in this place as a percentage of turns spent in the entire game.
 B = Non-inter-level travel turns spent in this place as a percentage of non-inter-level travel turns spent in the entire game.
 C = Inter-level travel turns spent in this place as a percentage of turns spent in this place.
 D = Turns resting spent in this place as a percentage of non-inter-level travel turns spent in this place.
 E = Turns spent auto-exploring this place as a percentage of non-inter-level travel turns spent in this place.
 F = Non-inter-level travel turns spent in this place divided by the number of levels of this place that you've seen.
                   A       B       C       D       E      F
               +-------+-------+-------+-------+-------+----------------------
         Total | 100.0 | 100.0 |   8.3 |  29.3 |  33.7 | 1105.2
       Dungeon |  36.5 |  35.8 |  10.1 |  17.7 |  43.1 | 950.0
        Temple |   0.4 |   0.4 |  19.2 |   0.0 |  97.3 | 147.0
          Lair |  26.5 |  26.1 |   9.8 |  40.2 |  31.3 | 1730.8
        Shoals |  10.9 |  11.5 |   3.4 |  30.1 |  32.5 | 1139.2
   Spider Nest |  16.9 |  17.3 |   6.0 |  42.1 |  24.1 | 1725.8
  Orcish Mines |   5.7 |   5.5 |  10.5 |  18.8 |  31.2 | 1098.0
        Bazaar |   0.4 |   0.5 |   0.0 |  69.4 |   0.0 | 183.0
       Ossuary |   0.6 |   0.7 |   0.0 |   0.0 |   3.7 | 270.0
      Ice Cave |   1.2 |   1.3 |   0.0 |  27.1 |   3.5 | 513.0
      Gauntlet |   0.9 |   1.0 |   0.0 |   0.0 |   0.0 | 384.0
               +-------+-------+-------+-------+-------+----------------------

Levels and vault maps discovered:
D:1:      psy_arrival_fountain, layout_basic, minivault_5, grunt_decor_arrowhead
D:2:      layout_basic, nicolae_overflow_crystal_walls, uniq_jessica
D:3:      layout_basic, uniq_terence
D:4:      layout_basic, marbit_many_paths, nicolae_overflow_hidden_temple,
          minmay_temple_entry_junction, minmay_fractal_squares_5
D:5:      layout_basic, nemelex_xobeh_ov_fountains_minmay, first_ration
D:6:      layout_rooms, lemuel_doored_altar, serial_co_window_serial,
          co_window_paths_a, co_window_paths_a, co_window_of_opportunity_a,
          co_window_of_opportunity_a, co_window_paths_a, co_window_corner_b,
          co_window_2corner, co_window_cross_2, co_window_broadway_c,
          co_window_4corner_b, glass_columns_b, glass_columns_a,
          enter_ossuary_4, kennysheep_generic_room_10
D:7:      layout_loops_ring, basic_altar, uniq_harold, uniq_menkaure
D:8:      layout_loops_corners, erik_lair_dragon, serial_shops, shop_fountains,
          uniq_erica, uniq_gastronok
D:9:      layout_cave_pools, kennysheep_mini, orc_0_dummy, david_nohive_1
D:10:     layout_loops_ring, serial_shops, shop_statue
D:11:     layout_roguey, lemuel_altar_in_water
D:12:     layout_roguey, serial_shops, nicolae_shop_window_shopping, uniq_kirke
D:13:     layout_big_octagon, david_vaults_3, st_stairs_11, uniq_josephine
D:14:     layout_rooms, portal_ice_cave_entry_ice_beasts,
          lemuel_mausoleum_altar_yredelemnul
D:15:     grunt_enter_depths_hoard, layout_cave_pods,
          nicolae_gozag_seed_capital, uniq_roxanne
Temple:   nicolae_temple_elliptical
Lair:1:   layout_concentric_octagons, st_stairs_11
Lair:2:   lemuel_ratsnest, layout_cave_pods, lemuel_fruit_fields,
          lemuel_fruit_fields
Lair:3:   layout_gridlike, nicolae_spider_entry_orb_guardian,
          lemuel_fruit_fields, infiniplex_staircase_pool_2
Lair:4:   layout_cave_pods, shoals_dummy_entry, st_stairs_4,
          serial_bayou_shore_b
Lair:5:   layout_hall_layers, slime_altar_2, special_room [special_room_bee]
Lair:6:   due_jungle_book, layout_concentric_octagons,
          chequers_serial_rivers_marsh
Shoals:1: layout_shoals, nicolae_shoals_seven_spires
Shoals:2: argonaut_golden_fleece, layout_shoals
Shoals:3: layout_shoals, serial_shops, shop, nicolae_shoals_mertower
Shoals:4: shoals_end_grunt_ice, layout_shoals, serial_shops, bzr_entry_safe,
          shop, shop_statue, nicolae_shop_overgrown_old_shop,
          nicolae_shop_trees, nicolae_shoals_cliffside_cave
Spider:1: layout_spider_delve
Spider:2: layout_spider_delve, hangedman_stitches_earthworm, uniq_donald
Spider:3: layout_spider_delve
Spider:4: johnstein_spider_rune_arachne_lair, nicolae_spider_webbed_stairs
Orc:1:    layout_caves, basic_altar, serial_shops, shop_statue
Orc:2:    grunt_orc_community_town_hall, layout_caves,
          grunt_orc_community_big_house_2, grunt_orc_community_big_house_2,
          grunt_orc_community_house_2, grunt_orc_community_house_3,
          grunt_orc_community_house_1, grunt_orc_community_house_1,
          gauntlet_entry_generic, special_room, uniq_nessos, uniq_erolcha
Bazaar:   bazaar_outfitter
Ossuary:  ossuary_minmay_tomb_2a
IceCv:    ice_cave_tombish
Gauntlet: minmay_gauntlet_mixed_big_or_small [gammafunk_gauntlet_arena_mazey,
          minmay_gauntlet_arena_77_block_sizes, gammafunk_gauntlet_arena_teeth,
          minmay_gauntlet_arena_77_tiled_triplets,
          nicolae_gauntlet_arena_quarters,
          minmay_gauntlet_arena_77_chump_sandwich, gauntlet_exit_spiral]
